 Dungeon Crawl Stone Soup version 0.30.1-3-gfc49f6343a (webtiles) character file.

Game seed: 16161482438410703349

382 leafyfresh the Covert (level 6, -2/53 HPs)
             Began as a Gnoll Delver on Aug 4, 2023.
             Was an Initiate of Ashenzari.
             Slain by a gnoll
             ... wielding a +0 flail
              (11 damage)
             ... on level 4 of the Dungeon.
             The game lasted 00:05:52 (3606 turns).

leafyfresh the Covert (Gnoll Delver)                Turns: 3606, Time: 00:05:52

Health: -2/53      AC:  3    Str: 11    XL:     6   Next: 76%
Magic:  9/9        EV: 15    Int: 10    God:    Ashenzari [......]
Gold:   211        SH:  0    Dex: 21    Spells: 9/9 levels left

rFire   . . .        z - +1 dagger (speed)
rCold   . . .        (no shield)
rNeg    . . .        b - +0 leather armour
rPois   .            (no helmet)
rElec   .            (no cloak)
rCorr   .            (no gloves)
SInv    +            (no boots)
Will    .....        s - amulet of the acrobat
Stlth   +++++        w - ring of see invisible
HPRegen 0.28/turn    l - ring of Ashenzari's Discomfort {Dex+6, Fort, Range} (curse)
MPRegen 0.11/turn

%: acrobat
@: no status effects
A: fangs 1, strong nose, distributed training
a: Renounce Religion, Curse Item, Shatter the Chains


You were on level 4 of the Dungeon.
You worshipped Ashenzari.
Ashenzari was noncommittal.
You visited 2 branches of the dungeon, and saw 6 of its levels.

You collected 211 gold pieces.

Inventory:

Hand Weapons
 a - a +0 short sword
 z - a +1 dagger of speed (weapon)
Armour
 b - a +0 leather armour (worn)
Jewellery
 i - a ring of magical power
 l - the cursed ring of Ashenzari's Discomfort (right hand) {Dex+6, Fort, Range}
   (You found it on level 3 of the Dungeon)

   [ring of dexterity]

   Dex:       It affects your dexterity (+6).
   It has a curse which improves the following skills: Fortitude: Armour and
   Shields.
   Ranged Combat: Ranged Weapons and Throwing.
 s - an amulet of the acrobat (around neck)
 v - a ring of wizardry
 w - a ring of see invisible (left hand)
Wands
 g - a wand of digging (3)
Scrolls
 c - a scroll of fog
 d - a scroll of magic mapping
 e - a scroll of fear
 h - 2 scrolls of enchant armour
 k - a scroll of enchant weapon
 o - a scroll of blinking
 x - a scroll of teleportation {unknown}
 y - 2 scrolls of summoning {unknown}
Potions
 f - 3 potions of haste
 j - a potion of heal wounds {unknown}
 m - a potion of degeneration {unknown}
 n - a potion of brilliance {unknown}
 p - a potion of mutation {unknown}
 q - a potion of magic {unknown}
 t - a potion of ambrosia {unknown}
 u - 2 potions of curing {unknown}
 A - a potion of lignification {unknown}


   Skills:
 + Level 6.9 Fighting
 + Level 5.1 Short Blades
 + Level 2.2 Long Blades
 + Level 2.2 Axes
 + Level 2.2 Maces & Flails
 + Level 2.2 Polearms
 + Level 2.2 Staves
 + Level 2.2(2.5) Ranged Weapons
 + Level 2.2(2.5) Throwing
 + Level 2.2(2.5) Armour
 + Level 5.1 Dodging
 + Level 9.8 Stealth
 + Level 2.2(2.5) Shields
 + Level 2.2 Unarmed Combat
 + Level 2.2 Spellcasting
 + Level 1.7 Conjurations
 + Level 1.7 Hexes
 + Level 1.7 Summonings
 + Level 1.7 Necromancy
 + Level 1.7 Translocations
 + Level 1.7 Transmutations
 + Level 1.7 Fire Magic
 + Level 1.7 Ice Magic
 + Level 1.7 Air Magic
 + Level 1.7 Earth Magic
 + Level 1.7 Poison Magic
 + Level 2.4 Invocations
 + Level 2.2 Evocations


You had 9 spell levels left.
You didn't know any spells.
Your spell library contained the following spells:

 Spells                   Type           Power      Damage    Failure   Level
 Beastly Appendage        Tmut           8%         N/A       21%         1
 Wereblood                Tmut           4%         N/A       30%         2
 Spider Form              Tmut/Pois      4%         N/A       52%         3


Dungeon Overview and Level Annotations

Branches:
Dungeon (5/15)             Temple (1/1) D:5

Altars:
Ashenzari
Fedhas
Hepliaklqana
Kikubaaqudgha
Makhleb
Okawaru
Trog
Xom
Yredelemnul
Zin
The Shining One


Innate Abilities, Weirdness & Mutations

You have very sharp teeth.
Your uncanny sense of smell can sniff out nearby items.
Your experience applies equally to all skills.


Message History

You kill the gnoll!
You barely miss the gnoll. The gnoll barely misses you.
You hit the gnoll.
The gnoll is moderately wounded.
You closely miss the gnoll. Your bite misses the gnoll.
The gnoll is moderately wounded.
The gnoll hits you with a +0 whip.
You barely miss the gnoll. You punch the gnoll.
The gnoll is heavily wounded.
You hit the gnoll but do no damage.
The gnoll is heavily wounded.
The gnoll hits you with a +0 whip.
You closely miss the gnoll.
The gnoll is heavily wounded.
You hit the gnoll.
The gnoll is almost dead.
The gnoll hits you with a +0 flail! The gnoll misses you.
You are too injured to fight recklessly!
You are too injured to fight recklessly!
You are too injured to fight recklessly!
Unknown command.
You hit the gnoll but do no damage.
The gnoll is almost dead.
Unknown command.
You hit the gnoll.
You kill the gnoll!
The gnoll hits you with a +0 flail!
Unknown command.
You hit the gnoll but do no damage. You bite the gnoll, but do no damage.
You hit the gnoll but do no damage. The gnoll hits you with a +0 flail!
* * * LOW HITPOINT WARNING * * *
You closely miss the gnoll. You bite the gnoll, but do no damage.
You completely miss the gnoll. The gnoll barely misses you.
You hit the gnoll but do no damage.
Unknown command.
You completely miss the gnoll. You bite the gnoll, but do no damage.
The gnoll closely misses you.
You closely miss the gnoll. You hit the gnoll but do no damage.
The gnoll hits you with a +0 flail!
You die...

.... .# ... ###'# #+##
...> #...##...# . #..
#.........
..###'###.........
.......'.........
......g).......
...♣.@.#..# #####
...♣.♣.....########..##
...♣.♣.♣...............#
...♣.♣(♣.♣..............#
..♣.♣._.♣.♣.............#
#..♣.♣.♣.♣...######....##
#...♣.♣.♣.....##.##....##
.....♣.♣.........)......#
..#...♣...#.............#


You could see a gnoll.

Vanquished Creatures
  Grinder (D:3)
  An orc wizard (D:3)
  7 gnolls (D:4)
  2 adders
  2 worms (D:2)
  A dart slug (D:3)
  5 orcs (D:3)
  6 ball pythons
  5 bats
  3 endoplasms
  4 giant cockroaches
  5 goblins
  6 hobgoblins
  4 jackals (D:4)
  3 quokkas (D:2)
  2 frilled lizards (D:1)
  A kobold (D:4)
  9 rats
67 creatures vanquished.

Notes
Turn   | Place    | Note
-------+----------+-------------------------------------------
     0 | D:5      | Reached skill level 9 in Stealth
     0 | D:5      | leafyfresh the Gnoll Delver began the quest for the Orb.
     0 | D:5      | Reached XP level 1. HP: 23/23 MP: 1/1
     6 | Temple   | Entered the Ecumenical Temple
    11 | Temple   | Became a worshipper of Ashenzari the Shackled
   195 | D:5      | Noticed an ice beast
   211 | D:4      | Found an iron altar of Okawaru.
   241 | D:4      | Found a hazy altar of Hepliaklqana.
   341 | D:3      | Reached XP level 2. HP: 27/29 MP: 2/2
   684 | D:3      | Reached XP level 3. HP: 23/35 MP: 3/3
   694 | D:3      | Reached skill level 1 in Long Blades
   694 | D:3      | Reached skill level 1 in Axes
   694 | D:3      | Reached skill level 1 in Maces & Flails
   694 | D:3      | Reached skill level 1 in Polearms
   694 | D:3      | Reached skill level 1 in Staves
   694 | D:3      | Reached skill level 1 in Ranged Weapons
   694 | D:3      | Reached skill level 1 in Throwing
   694 | D:3      | Reached skill level 1 in Armour
   694 | D:3      | Reached skill level 1 in Shields
   694 | D:3      | Reached skill level 1 in Unarmed Combat
   694 | D:3      | Reached skill level 1 in Spellcasting
   694 | D:3      | Reached skill level 1 in Invocations
   694 | D:3      | Reached skill level 1 in Evocations
  1090 | D:3      | Noticed Grinder
  1182 | D:2      | Reached XP level 4. HP: 41/41 MP: 5/5
  1562 | D:2      | Reached skill level 1 in Conjurations
  1562 | D:2      | Reached skill level 1 in Hexes
  1562 | D:2      | Reached skill level 1 in Summonings
  1562 | D:2      | Reached skill level 1 in Necromancy
  1562 | D:2      | Reached skill level 1 in Translocations
  1562 | D:2      | Reached skill level 1 in Transmutations
  1562 | D:2      | Reached skill level 1 in Fire Magic
  1562 | D:2      | Reached skill level 1 in Ice Magic
  1562 | D:2      | Reached skill level 1 in Air Magic
  1562 | D:2      | Reached skill level 1 in Earth Magic
  1562 | D:2      | Reached skill level 1 in Poison Magic
  2880 | D:3      | Paralysed by Grinder for 2 turns
  2905 | D:3      | Paralysed by Grinder for 2 turns
  2911 | D:3      | Killed Grinder
  2912 | D:3      | Reached skill level 5 in Short Blades
  2912 | D:3      | Reached skill level 5 in Dodging
  2912 | D:3      | Reached XP level 5. HP: 27/47 MP: 6/8
  2912 | D:3      | Reached XP level 6. HP: 31/53 MP: 6/9
  3606 | D:4      | Slain by a gnoll

Illustrated notes

Levels and vault maps discovered:
D:1:      psy_arrival_whirlpool, layout_basic, serial_forest,
          infiniplex_forest_fountain, infiniplex_forest_straight_1,
          infiniplex_forest_lined_2, infiniplex_forest_lined_1,
          infiniplex_forest_clump_diagonal, infiniplex_forest_fountain,
          infiniplex_forest_clump_small
D:2:      layout_basic, minmay_parallelograms
D:3:      layout_loops_cross, hex_medium, uniq_grinder
D:4:      layout_gridville, nicolae_sif_muna_little_library,
          mainiacjoe_overflow_small_starburst, okawaru_trees_2,
          nicolae_grassy_gnolls, uniq_robin
D:5:      layout_rooms, mainiacjoe_overflow_24_doors,
          minmay_temple_entry_junction, small_statue_intersection,
          reono_crystal_passage
Temple:   nicolae_temple_ecumenical_triangle

Skill      XL: |  1  2  3  4 |
---------------+-------------+-----
Stealth        | |  9.8
Long Blades    | 1 2 |  2.2
Axes           | 1 2 |  2.2
Maces & Flails | 1 2 |  2.2
Polearms       | 1 2 |  2.2
Staves         | 1 2 |  2.2
Ranged Weapons | 1 2 |  2.2
Throwing       | 1 2 |  2.2
Armour         | 1 2 |  2.2
Shields        | 1 2 |  2.2
Unarmed Combat | 1 2 |  2.2
Spellcasting   | 1 2 |  2.2
Invocations    | 1 2 |  2.4
Evocations     | 1 2 |  2.2
Conjurations   | 1 |  1.7
Hexes          | 1 |  1.7
Summonings     | 1 |  1.7
Necromancy     | 1 |  1.7
Translocations | 1 |  1.7
Transmutations | 1 |  1.7
Fire Magic     | 1 |  1.7
Ice Magic      | 1 |  1.7
Air Magic      | 1 |  1.7
Earth Magic    | 1 |  1.7
Poison Magic   | 1 |  1.7
Short Blades   | 5 |  5.1
Dodging        | 5 |  5.1
Fighting       | |  6.9

Action                     |  1- 3 |  4- 6 || total
---------------------------+-------+-------++-------
  Melee: Short sword       |    54 |    70 ||   124
         Bite              |     7 |    32 ||    39
         Punch             |     1 |     6 ||     7
         Dagger            |       |   152 ||   152
  Throw: Boomerang         |       |     3 ||     3
 Invoke: Curse Item        |     1 |       ||     1
    Use: Scroll            |     1 |     4 ||     5
   Stab: Sleeping          |     8 |    18 ||    26
 Armour: Leather armour    |    10 |     7 ||    17
  Dodge: Dodged            |    29 |    66 ||    95
